Thunder vs Rafales
Created - October 13, 2017 at 19:04
Goals
|
Thunder |
2 |
2 |
3 |
7 |
Rafales |
2 |
0 |
1 |
3 |
|
Shots
|
Thunder |
14 |
17 |
6 |
37 |
Rafales |
15 |
8 |
5 |
28 |
|
1st period
1. Thunder , Adam Hall 2 (Mike Hoffman 4, Melker Karlsson 1) at 3:52
2. Rafales , Brock Nelson 1 (Jarret Stoll 1, Brian Ferlin 1) at 9:36
3. Rafales , Michael Bournival 1 (James Marcou 1) at 12:56
4. Thunder , Mark Stone 1 (Evgeny Kuznetsov 1) at 13:41
Penalties :
Daultan Leveillé (TRO) for Tripping (Minor) at 4:53
2nd period
5. Thunder , Melker Karlsson 3 (Mike Hoffman 5, Adam Hall 3) at 3:59
6. Thunder , Daultan Leveillé 1 (Pierre-Alexandre Parenteau 1, Dany Roussin 1) at 10:53
Penalties :
No Penalty
3rd period
7. Thunder , Mike Hoffman 1 (Adam Hall 4, Melker Karlsson 2) at 5:09
8. Thunder , Dany Roussin 1 (Pierre-Alexandre Parenteau 2) at 14:32
9. Thunder , Dougie Hamilton 1 (Pierre-Alexandre Parenteau 3, Dany Roussin 2) at 15:42
10. Rafales , Jarret Stoll 1 (Brock Nelson 1, Connor Murphy 1) at 19:13 (PP)
Penalties :
Akim Aliu (Stf) for Interference (Minor) at 2:40, Akim Aliu (Stf) for Unsportsmanlike conduct (Minor) at 5:29, Joey Ryan (TRO) for Tripping (Minor) at 7:51, David Wolf (TRO) for Tripping (Minor) at 12:10, Dany Roussin (TRO) for Hooking (Minor) at 18:37
Goalie Stats
Devan Dubnyk (TRO), 25 saves from 28 shots - (0.893), W, 1-1-0, 60:00 minutes
John Gibson (Stf), 30 saves from 37 shots - (0.811), L, 0-1-0, 60:00 minutes
Players Stats for Thunder
Player Name G A P +/- PIM S H SB GA TA FO MP PP MP PK MP
------------------------------------------------------------------------------------
Adam Hall 1 2 3 2 0 2 1 0 1 1 1/2 22:13 2:07 3:43
Brett Festerling 0 0 0 0 0 2 0 1 0 2 0/0 12:47 0:00 0:23
Dalton Smith 0 0 0 0 0 2 0 2 1 0 1/1 9:09 0:00 0:00
Dany Roussin 1 2 3 2 2 4 3 1 2 0 0/1 16:34 1:42 2:16
Daultan Leveillé 1 0 1 1 2 1 2 0 1 1 3/9 13:55 1:42 0:00
David Fischer 0 0 0 4 0 2 4 2 0 2 0/0 27:55 1:58 3:44
David Wolf 0 0 0 2 2 2 2 0 1 0 0/0 11:43 0:00 0:03
Dougie Hamilton 1 0 1 1 0 2 0 1 0 1 0/0 19:18 2:00 2:26
Evgeny Kuznetsov 0 1 1 1 0 2 2 0 1 0 4/4 11:12 0:00 0:42
Joe Labate 0 0 0 0 0 0 0 0 0 0 2/5 9:09 0:00 0:00
Joey Ryan 0 0 0 1 2 4 0 3 0 0 0/0 18:41 2:00 1:47
Ludwig Bystrom 0 0 0 0 0 0 0 0 0 0 0/0 12:50 0:00 0:29
Mark Stone 1 0 1 1 0 1 2 0 0 0 0/1 12:38 0:09 1:09
Melker Karlsson 1 2 3 2 0 2 1 1 0 0 15/32 18:18 1:55 0:00
Mike Hoffman 1 2 3 2 0 4 3 0 1 0 3/7 22:09 1:55 3:51
Nikolay Prokhorkin 0 0 0 0 0 0 0 0 0 0 0/0 0:23 0:21 0:00
Peter Andersson 0 0 0 0 0 0 0 0 0 0 0/0 4:37 0:00 0:33
Pierre-Alexandre Parente 0 3 3 2 0 1 1 0 0 0 0/0 15:41 1:42 1:22
Robin Leblanc 0 0 0 0 0 3 0 0 0 0 0/0 9:09 0:00 0:00
Roman Josi 0 0 0 4 0 3 0 2 0 0 0/0 23:54 1:58 3:44
Thomas Spelling 0 0 0 0 0 0 0 0 0 0 0/0 1:08 0:21 0:00
Players Stats for Rafales
Player Name G A P +/- PIM S H SB GA TA FO MP PP MP PK MP
------------------------------------------------------------------------------------
Akim Aliu 0 0 0 -3 4 0 1 1 0 0 0/0 17:33 0:00 0:00
Brian Ferlin 0 1 1 0 0 1 1 0 0 0 0/0 14:08 0:07 0:00
Brock Nelson 1 1 2 0 0 1 1 1 0 0 2/2 17:01 2:31 0:37
Carl Klingberg 0 0 0 -1 0 1 1 0 0 0 1/1 11:11 0:30 0:13
Cedric Paquette 0 0 0 -1 0 1 3 0 0 0 1/4 8:28 0:07 0:33
Cody McLeod 0 0 0 -4 0 2 0 1 3 1 2/4 22:47 3:32 1:35
Connor Murphy 0 1 1 -3 0 4 1 2 0 1 0/0 28:01 3:53 1:35
James Marcou 0 1 1 -1 0 3 0 0 0 0 0/0 7:33 0:00 0:00
Jarret Stoll 1 1 2 0 0 4 0 0 1 1 5/10 18:07 2:31 1:43
Julian Melchiori 0 0 0 0 0 1 1 0 0 0 0/0 18:18 2:40 0:04
Marc-André Gragnani 0 0 0 0 0 3 3 1 0 2 0/0 19:58 2:40 2:00
Mark Fayne 0 0 0 -2 0 0 0 1 0 0 0/0 13:39 0:00 2:19
Matt Gilroy 0 0 0 -3 0 0 0 1 2 2 0/0 28:12 3:53 1:54
Michael Bournival 1 0 1 0 0 3 1 0 0 0 1/1 11:16 2:31 1:13
Mike Zigomanis 0 0 0 -3 0 0 1 1 1 0 17/34 23:29 3:55 2:02
Nathan Davis 0 0 0 -1 0 4 1 0 0 1 4/6 14:11 3:55 0:00
Nicklas Jensen 0 0 0 -1 0 0 0 0 0 0 0/0 10:16 0:00 0:00
Slater Koekkoek 0 0 0 -2 0 0 1 0 0 0 0/0 11:52 0:00 0:04
3 Stars
1 - Mike Hoffman (TRO)
2 - Melker Karlsson (TRO)
3 - Adam Hall (TRO)
Power Play
Thunder - 0 on 2 Attempt(s) - 0.00%
Rafales - 1 on 4 Attempt(s) - 25.00%
Penalty Kill
Thunder - 3 on 4 Attempt(s) - 75.00%
- Score 0 goal in Penalty Kill
Rafales - 2 on 2 Attempt(s) - 100.00%
- Score 0 goal in Penalty Kill
Team Stat
Thunder - Hits : 21 - Faceoff Wins : 29 - Blocked Shots : 13 - Penalty Minutes : 8
Rafales - Hits : 16 - Faceoff Wins : 33 - Blocked Shots : 9 - Penalty Minutes : 4
Official
Referees : Jackson Dave and Pochmara Brian
Linesman : Mark Wheler and Steve Miller
Game Notes
No Game Note
Finance
Level 1 -- Attendance: 1498 (74.90%) -- Ticket Income $59,920
Level 2 -- Attendance: 695 (69.50%) -- Ticket Income $13,900
Total Attendance: 2193 (73.10%)
Total Ticket Income: $73,820
Other Income: $3,691
Total Income: $77,511
Thunder
5 vs 5 Forward
Center Left Wing Right Wing Time % Phy DF OF
1 Melker Karlsson Mike Hoffman Adam Hall 40 1 2 2
2 Daultan Leveillé Dany Roussin Pierre-Alexandre Parentea30 1 2 2
3 Evgeny Kuznetsov David Wolf Mark Stone 20 1 2 2
4 Joe Labate Dalton Smith Robin Leblanc 10 1 2 2
5 vs 5 Defense
Defense Defense Time % Phy DF OF
1 David Fischer Roman Josi 40 1 2 2
2 Dougie Hamilton Joey Ryan 30 1 2 2
3 Brett Festerling Ludwig Bystrom 20 1 2 2
4 Peter Andersson David Fischer 10 1 2 2
PowerPlay Forward
Center Left Wing Right Wing Time % Phy DF OF
1 Melker Karlsson Mike Hoffman Adam Hall 60 1 2 2
2 Daultan Leveillé Dany Roussin Pierre-Alexandre Parentea40 1 2 2
PowerPlay Defense
Defense Defense Time % Phy DF OF
1 David Fischer Roman Josi 60 1 2 2
2 Dougie Hamilton Joey Ryan 40 1 2 2
Penalty Kill 4 Players Forward
Center Wing Time % Phy DF OF
1 Mike Hoffman Adam Hall 60 1 2 2
2 Dany Roussin Pierre-Alexandre Parentea40 1 2 2
Penalty Kill 4 Players Defense
Defense Defense Time % Phy DF OF
1 David Fischer Roman Josi 60 1 2 2
2 Dougie Hamilton Joey Ryan 40 1 2 2
Penalty Kill - 3 Players Forward
Forward Time % Phy DF OF
1 Mike Hoffman 60 1 2 2
2 Adam Hall 40 1 2 2
Penalty Kill - 3 Players Defense
Defense Defense Time % Phy DF OF
1 David Fischer Roman Josi 60 1 2 2
2 Dougie Hamilton Joey Ryan 40 1 2 2
4 vs 4 Forward
Center Wing Time % Phy DF OF
1 Mike Hoffman Adam Hall 60 1 2 2
2 Dany Roussin Pierre-Alexandre Parentea40 1 2 2
4 vs 4 Defense
Defense Defense Time % Phy DF OF
1 David Fischer Roman Josi 60 1 2 2
2 Dougie Hamilton Joey Ryan 40 1 2 2
Last Minutes Offensive
Center Left Wing Right Wing Defense Defense
Melker Karlsson Mike Hoffman Adam Hall David Fischer Roman Josi
Last Minutes Defensive
Center Left Wing Right Wing Defense Defense
Melker Karlsson Mike Hoffman Adam Hall David Fischer Roman Josi
Goaltenders
Starting : Devan Dubnyk
Backup : Niklas Treutle
Extra Forwards
Normal : Thomas Spelling, Nikolay Prokhorkin, Mark Stone - PP : Thomas Spelling, Nikolay Prokhorkin - PK : Mark Stone
Extra Defensemen
Normal : Brett Festerling, Ludwig Bystrom, Peter Andersson - PP : Brett Festerling - PK : Ludwig Bystrom, Peter Andersson
Penalty Shots
Mike Hoffman, Adam Hall, Dany Roussin, Pierre-Alexandre Parenteau, Melker Karlsson
Scratches
Zach Stepan (Healthy), Jared Staal (Healthy)
Rafales
5 vs 5 Forward
Center Left Wing Right Wing Time % Phy DF OF
1 Mike Zigomanis Cody McLeod Akim Aliu 40 0 1 4
2 Jarret Stoll Brock Nelson Brian Ferlin 30 0 1 4
3 Nathan Davis Carl Klingberg Nicklas Jensen 20 0 3 2
4 Cedric Paquette Michael Bournival James Marcou 10 0 2 3
5 vs 5 Defense
Defense Defense Time % Phy DF OF
1 Matt Gilroy Connor Murphy 40 0 4 1
2 Julian Melchiori Marc-André Gragnani 30 0 4 1
3 Mark Fayne Slater Koekkoek 20 0 4 1
4 Matt Gilroy Connor Murphy 10 0 4 1
PowerPlay Forward
Center Left Wing Right Wing Time % Phy DF OF
1 Mike Zigomanis Cody McLeod Nathan Davis 60 0 0 5
2 Jarret Stoll Brock Nelson Michael Bournival 40 0 0 5
PowerPlay Defense
Defense Defense Time % Phy DF OF
1 Matt Gilroy Connor Murphy 60 0 2 3
2 Julian Melchiori Marc-André Gragnani 40 0 2 3
Penalty Kill 4 Players Forward
Center Wing Time % Phy DF OF
1 Mike Zigomanis Jarret Stoll 60 0 3 2
2 Cody McLeod Brock Nelson 40 0 3 2
Penalty Kill 4 Players Defense
Defense Defense Time % Phy DF OF
1 Matt Gilroy Mark Fayne 60 0 5 0
2 Connor Murphy Marc-André Gragnani 40 0 5 0
Penalty Kill - 3 Players Forward
Forward Time % Phy DF OF
1 Mike Zigomanis 60 0 4 1
2 Jarret Stoll 40 0 4 1
Penalty Kill - 3 Players Defense
Defense Defense Time % Phy DF OF
1 Matt Gilroy Mark Fayne 60 0 5 0
2 Slater Koekkoek Marc-André Gragnani 40 0 5 0
4 vs 4 Forward
Center Wing Time % Phy DF OF
1 Mike Zigomanis Jarret Stoll 60 0 2 3
2 Cody McLeod Brock Nelson 40 0 3 1
4 vs 4 Defense
Defense Defense Time % Phy DF OF
1 Matt Gilroy Connor Murphy 60 0 3 2
2 Mark Fayne Marc-André Gragnani 40 0 4 1
Last Minutes Offensive
Center Left Wing Right Wing Defense Defense
Mike Zigomanis Cody McLeod Akim Aliu Matt Gilroy Connor Murphy
Last Minutes Defensive
Center Left Wing Right Wing Defense Defense
Mike Zigomanis Cody McLeod James Marcou Slater Koekkoek Mark Fayne
Goaltenders
Starting : John Gibson
Backup : Philipp Grubauer
Extra Forwards
Normal : Cody McLeod, Mike Zigomanis, Brock Nelson - PP : Cody McLeod, Mike Zigomanis - PK : Michael Bournival
Extra Defensemen
Normal : Matt Gilroy, Connor Murphy, Slater Koekkoek - PP : Matt Gilroy - PK : Marc-André Gragnani, Mark Fayne
Penalty Shots
Mike Zigomanis, Jarret Stoll, Cody McLeod, Brock Nelson, James Marcou
Scratches
Ben Sexton (Healthy), Ryan Bourque (Healthy), Ben Johnson (Healthy), Jayson Megna (Healthy), Brad Ross (Healthy)
Dylan McIlrath (Healthy), Petr Kalus (Healthy), Ben Thomson (Healthy), David Broll (Healthy), Stefan Chaput (Healthy)
Dennis Persson (Healthy), Chris Terry (Healthy), Kevin Veilleux (Healthy), Maksim Mayorov (Healthy), Chris Driedger (Healthy)
Leland Irving (Healthy)
% Time on Ice - Thunder
Lines # - Real PCT - Wanted PCT - Time Play
Normal Forward
1 - 35% - 40% - 17:13
2 - 25% - 30% - 12:37
3 - 21% - 20% - 10:30
4 - 18% - 10% - 9:09
Normal Defense
1 - 37% - 40% - 18:12
2 - 30% - 30% - 14:55
3 - 25% - 20% - 12:21
4 - 8% - 10% - 4:01
PP Forward
1 - 57% - 60% - 2:16
2 - 43% - 40% - 1:42
PP Defense
1 - 50% - 60% - 1:58
2 - 50% - 40% - 2:00
PK Forward
1 - 79% - 60% - 5:11
2 - 21% - 40% - 1:22
PK Defense
1 - 57% - 60% - 3:44
2 - 43% - 40% - 2:49
PK3 Forward
1 - 0% - 60%
2 - 0% - 40%
PK3 Defense
1 - 0% - 60%
2 - 0% - 40%
44 Forward
1 - 0% - 60%
2 - 0% - 40%
44 Defense
1 - 0% - 60%
2 - 0% - 40%
Last Minute Offensive - 0:00
Last Minute Defensive - 0:00
Total
Forward - 60:00
Defense - 60:00
|
% Time on Ice - Rafales
Lines # - Real PCT - Wanted PCT - Time Play
Normal Forward
1 - 36% - 40% - 17:47
2 - 28% - 30% - 13:53
3 - 21% - 20% - 10:16
4 - 15% - 10% - 7:33
Normal Defense
1 - 40% - 40% - 19:55
2 - 31% - 30% - 15:33
3 - 23% - 20% - 11:30
4 - 5% - 10% - 2:31
PP Forward
1 - 62% - 60% - 4:02
2 - 38% - 40% - 2:31
PP Defense
1 - 59% - 60% - 3:53
2 - 41% - 40% - 2:40
PK Forward
1 - 84% - 60% - 3:21
2 - 16% - 40% - 0:37
PK Defense
1 - 60% - 60% - 2:23
2 - 40% - 40% - 1:35
PK3 Forward
1 - 0% - 60%
2 - 0% - 40%
PK3 Defense
1 - 0% - 60%
2 - 0% - 40%
44 Forward
1 - 0% - 60%
2 - 0% - 40%
44 Defense
1 - 0% - 60%
2 - 0% - 40%
Last Minute Offensive - 0:00
Last Minute Defensive - 0:00
Total
Forward - 60:00
Defense - 60:00
|
Play by Play
1st period
0:01 of 1st period - Melker Karlsson wins face-off versus Mike Zigomanis in neutral zone.
0:48 of 1st period - Off-side.
0:49 of 1st period - Nathan Davis wins face-off versus Joe Labate in neutral zone.
0:52 of 1st period - Wrist shot by Carl Klingberg.
0:52 of 1st period - Shot Misses the Net.
1:38 of 1st period - Melker Karlsson is hit by Julian Melchiori and loses puck.
1:55 of 1st period - Snap shot by Brock Nelson.
1:55 of 1st period - Shot Blocked by Dany Roussin.
2:17 of 1st period - Slapshot by Robin Leblanc.
2:17 of 1st period - Stopped by John Gibson with a rebound.
2:19 of 1st period - Snap shot by Joey Ryan.
2:19 of 1st period - Shot Blocked by Marc-André Gragnani.
2:21 of 1st period - Slapshot by Joey Ryan.
2:21 of 1st period - Stopped by John Gibson with a rebound.
3:08 of 1st period - Icing by David Fischer.
3:09 of 1st period - Melker Karlsson wins face-off versus Mike Zigomanis in Thunder zone.
3:24 of 1st period - Wrist shot by Mike Hoffman.
3:24 of 1st period - Shot Blocked by Mark Fayne.
3:26 of 1st period - Backhand shot by Roman Josi.
3:26 of 1st period - Shot Blocked by Cody McLeod.
3:52 of 1st period - Slapshot by Adam Hall.
3:52 of 1st period - Goal by Adam Hall - Thunder : 1 - Rafales : 0.
3:53 of 1st period - Jarret Stoll wins face-off versus Daultan Leveillé in neutral zone.
4:04 of 1st period - Snap shot by Pierre-Alexandre Parenteau.
4:04 of 1st period - Shot Blocked by Matt Gilroy.
4:48 of 1st period - Wrist shot by Cody McLeod.
4:48 of 1st period - Stopped by Devan Dubnyk without a rebound.
4:49 of 1st period - Nathan Davis wins face-off versus Daultan Leveillé in Thunder zone.
4:53 of 1st period - Minor Penalty to Daultan Leveillé for Tripping.
4:54 of 1st period - Mike Hoffman wins face-off versus Mike Zigomanis in Thunder zone.
5:06 of 1st period - Snap shot by Cody McLeod.
5:06 of 1st period - Deflect By Mike Zigomanis.
5:06 of 1st period - Shot Misses the Net.
5:06 of 1st period - Puck is out of play.
5:07 of 1st period - Mike Zigomanis wins face-off versus Mike Hoffman in Thunder zone.
5:14 of 1st period - Slapshot by Cody McLeod.
5:14 of 1st period - Stopped by Devan Dubnyk with a rebound.
5:16 of 1st period - Slapshot by Connor Murphy.
5:16 of 1st period - Stopped by Devan Dubnyk without a rebound.
5:17 of 1st period - Cody McLeod wins face-off versus Mike Hoffman in Thunder zone.
5:22 of 1st period - Wrist shot by Cody McLeod.
5:22 of 1st period - Shot Misses the Net.
5:24 of 1st period - Slapshot by Cody McLeod.
5:24 of 1st period - Shot Misses the Net.
5:39 of 1st period - Off-side.
5:40 of 1st period - Michael Bournival wins face-off versus Dany Roussin in neutral zone.
6:09 of 1st period - Adam Hall is hit by Mike Zigomanis and loses puck.
6:14 of 1st period - Wrist shot by Mike Zigomanis.
6:14 of 1st period - Shot Misses the Net.
6:53 of 1st period - Penalty to Daultan Leveillé is over, Daultan Leveillé is back on ice.
7:05 of 1st period - Nathan Davis is hit by David Fischer and loses puck.
7:14 of 1st period - Snap shot by Evgeny Kuznetsov.
7:14 of 1st period - Deflect By David Wolf.
7:14 of 1st period - Stopped by John Gibson with a rebound.
7:41 of 1st period - Julian Melchiori is hit by Daultan Leveillé and loses puck.
8:36 of 1st period - Icing by Mike Hoffman.
8:37 of 1st period - Melker Karlsson wins face-off versus Jarret Stoll in Thunder zone.
9:22 of 1st period - Snap shot by Brock Nelson.
9:22 of 1st period - Shot Misses the Net.
9:28 of 1st period - Wrist shot by Brock Nelson.
9:28 of 1st period - Deflect By Jarret Stoll.
9:28 of 1st period - Stopped by Devan Dubnyk with a rebound.
9:32 of 1st period - Snap shot by Jarret Stoll.
9:32 of 1st period - Shot Blocked by Joey Ryan.
9:34 of 1st period - Wrist shot by Jarret Stoll.
9:34 of 1st period - Stopped by Devan Dubnyk with a rebound.
9:36 of 1st period - Wrist shot by Brock Nelson.
9:36 of 1st period - Goal by Brock Nelson - Thunder : 1 - Rafales : 1.
9:37 of 1st period - Mike Zigomanis wins face-off versus Daultan Leveillé in neutral zone.
9:44 of 1st period - Snap shot by Dany Roussin.
9:44 of 1st period - Stopped by John Gibson with a rebound.
9:46 of 1st period - Slapshot by Dougie Hamilton.
9:46 of 1st period - Stopped by John Gibson with a rebound.
9:48 of 1st period - Backhand shot by Pierre-Alexandre Parenteau.
9:48 of 1st period - Shot Misses the Net.
9:50 of 1st period - Slapshot by Joey Ryan.
9:50 of 1st period - Stopped by John Gibson with a rebound.
10:26 of 1st period - Off-side.
10:27 of 1st period - Cody McLeod wins face-off versus Joe Labate in neutral zone.
10:30 of 1st period - Snap shot by Mike Zigomanis.
10:30 of 1st period - Shot Blocked by Roman Josi.
10:43 of 1st period - Off-side.
10:44 of 1st period - Jarret Stoll wins face-off versus Daultan Leveillé in neutral zone.
11:11 of 1st period - Connor Murphy is hit by Mike Hoffman and loses puck.
11:52 of 1st period - Slapshot by Michael Bournival.
11:52 of 1st period - Stopped by Devan Dubnyk with a rebound.
11:54 of 1st period - Snap shot by James Marcou.
11:54 of 1st period - Stopped by Devan Dubnyk without a rebound.
11:55 of 1st period - Daultan Leveillé wins face-off versus Cedric Paquette in Thunder zone.
11:55 of 1st period - Daultan Leveillé is hit by Marc-André Gragnani.
12:04 of 1st period - Icing by Julian Melchiori.
12:05 of 1st period - Daultan Leveillé wins face-off versus Cedric Paquette in Rafales zone.
12:24 of 1st period - Wrist shot by Pierre-Alexandre Parenteau.
12:24 of 1st period - Shot Misses the Net.
12:50 of 1st period - Snap shot by James Marcou.
12:50 of 1st period - Stopped by Devan Dubnyk with a rebound.
12:56 of 1st period - Wrist shot by Michael Bournival.
12:56 of 1st period - Goal by Michael Bournival - Thunder : 1 - Rafales : 2.
12:57 of 1st period - Melker Karlsson wins face-off versus Mike Zigomanis in neutral zone.
13:00 of 1st period - Wrist shot by Mike Hoffman.
13:00 of 1st period - Shot Misses the Net.
13:02 of 1st period - Wrist shot by Adam Hall.
13:02 of 1st period - Deflect By Mike Hoffman.
13:02 of 1st period - Stopped by John Gibson without a rebound.
13:03 of 1st period - Mike Zigomanis wins face-off versus Melker Karlsson in Rafales zone.
13:39 of 1st period - Slapshot by Dany Roussin.
13:39 of 1st period - Deflect By Pierre-Alexandre Parenteau.
13:39 of 1st period - Shot Blocked by Brock Nelson.
13:39 of 1st period - Puck is out of play.
13:40 of 1st period - Evgeny Kuznetsov wins face-off versus Cody McLeod in Rafales zone.
13:41 of 1st period - Wrist shot by Mark Stone.
13:41 of 1st period - Goal by Mark Stone - Thunder : 2 - Rafales : 2.
13:42 of 1st period - Mike Zigomanis wins face-off versus Melker Karlsson in neutral zone.
14:22 of 1st period - Brock Nelson is hit by Daultan Leveillé and loses puck.
14:40 of 1st period - Snap shot by Evgeny Kuznetsov.
14:40 of 1st period - Stopped by John Gibson with a rebound.
14:46 of 1st period - Connor Murphy is hit by Evgeny Kuznetsov and loses puck.
14:53 of 1st period - Carl Klingberg is hit by Evgeny Kuznetsov and loses puck.
15:08 of 1st period - Wrist shot by Nathan Davis.
15:08 of 1st period - Stopped by Devan Dubnyk without a rebound.
15:09 of 1st period - Melker Karlsson wins face-off versus Mike Zigomanis in Thunder zone.
15:14 of 1st period - Mark Fayne is hit by David Fischer and loses puck.
15:44 of 1st period - Snap shot by Daultan Leveillé.
15:44 of 1st period - Shot Misses the Net.
16:54 of 1st period - Snap shot by Jarret Stoll.
16:54 of 1st period - Shot Misses the Net.
17:25 of 1st period - Snap shot by Dalton Smith.
17:25 of 1st period - Stopped by John Gibson without a rebound.
17:26 of 1st period - Dalton Smith wins face-off versus Mike Zigomanis in Rafales zone.
18:08 of 1st period - Slapshot by Roman Josi.
18:08 of 1st period - Stopped by John Gibson without a rebound.
18:09 of 1st period - Brock Nelson wins face-off versus Adam Hall in Rafales zone.
18:18 of 1st period - Snap shot by Jarret Stoll.
18:18 of 1st period - Stopped by Devan Dubnyk with a rebound.
18:20 of 1st period - Slapshot by Brock Nelson.
18:20 of 1st period - Shot Misses the Net.
18:22 of 1st period - Slapshot by Marc-André Gragnani.
18:22 of 1st period - Deflect By Dougie Hamilton.
18:22 of 1st period - Stopped by Devan Dubnyk without a rebound.
18:23 of 1st period - Carl Klingberg wins face-off versus Melker Karlsson in Thunder zone.
18:26 of 1st period - Snap shot by Carl Klingberg.
18:26 of 1st period - Stopped by Devan Dubnyk with a rebound.
18:49 of 1st period - Icing by Mike Hoffman.
18:50 of 1st period - Melker Karlsson wins face-off versus Jarret Stoll in Thunder zone.
19:41 of 1st period - Snap shot by Mike Hoffman.
19:41 of 1st period - Stopped by John Gibson with a rebound.
19:43 of 1st period - Wrist shot by Adam Hall.
19:43 of 1st period - Shot Misses the Net.
19:45 of 1st period - Backhand shot by David Fischer.
19:45 of 1st period - Stopped by John Gibson without a rebound.
19:46 of 1st period - Jarret Stoll wins face-off versus Daultan Leveillé in Rafales zone.
19:57 of 1st period - Snap shot by Brian Ferlin.
19:57 of 1st period - Stopped by Devan Dubnyk with a rebound.
Goals for this period are 2 for Thunder vs 2 for Rafales.
Shots for this period are 14 for Thunder vs 15 for Rafales.
2nd period
0:01 of 2nd period - Mike Zigomanis wins face-off versus Melker Karlsson in neutral zone.
0:15 of 2nd period - Off-side.
0:16 of 2nd period - Daultan Leveillé wins face-off versus Jarret Stoll in neutral zone.
1:04 of 2nd period - Julian Melchiori is hit by David Wolf and loses puck.
1:11 of 2nd period - Backhand shot by Marc-André Gragnani.
1:11 of 2nd period - Stopped by Devan Dubnyk with a rebound.
1:13 of 2nd period - Wrist shot by Nathan Davis.
1:13 of 2nd period - Shot Misses the Net.
1:29 of 2nd period - Ludwig Bystrom is hit by Michael Bournival and loses puck.
3:33 of 2nd period - Icing by Dougie Hamilton.
3:34 of 2nd period - Mike Zigomanis wins face-off versus Melker Karlsson in Thunder zone.
3:35 of 2nd period - Snap shot by Cody McLeod.
3:35 of 2nd period - Deflect By Mike Zigomanis.
3:35 of 2nd period - Shot Blocked by Dougie Hamilton.
3:35 of 2nd period - Puck is out of play.
3:36 of 2nd period - Mike Zigomanis wins face-off versus Melker Karlsson in Thunder zone.
3:43 of 2nd period - Slapshot by Adam Hall.
3:43 of 2nd period - Stopped by John Gibson without a rebound.
3:44 of 2nd period - Mike Zigomanis wins face-off versus Melker Karlsson in Rafales zone.
3:49 of 2nd period - Wrist shot by Melker Karlsson.
3:49 of 2nd period - Shot Blocked by Connor Murphy.
3:51 of 2nd period - Wrist shot by Roman Josi.
3:51 of 2nd period - Shot Misses the Net.
3:53 of 2nd period - Snap shot by Mike Hoffman.
3:53 of 2nd period - Stopped by John Gibson with a rebound.
3:57 of 2nd period - Wrist shot by Mike Hoffman.
3:57 of 2nd period - Shot Misses the Net.
3:59 of 2nd period - Slapshot by Melker Karlsson.
3:59 of 2nd period - Goal by Melker Karlsson - Thunder : 3 - Rafales : 2.
4:00 of 2nd period - Melker Karlsson wins face-off versus Mike Zigomanis in neutral zone.
5:11 of 2nd period - Snap shot by Michael Bournival.
5:11 of 2nd period - Stopped by Devan Dubnyk without a rebound.
5:12 of 2nd period - Mike Zigomanis wins face-off versus Joe Labate in Thunder zone.
5:15 of 2nd period - Wrist shot by Mike Zigomanis.
5:15 of 2nd period - Shot Blocked by Dalton Smith.
5:21 of 2nd period - Snap shot by Roman Josi.
5:21 of 2nd period - Stopped by John Gibson with a rebound.
5:23 of 2nd period - Wrist shot by David Fischer.
5:23 of 2nd period - Stopped by John Gibson with a rebound.
5:25 of 2nd period - Slapshot by Roman Josi.
5:25 of 2nd period - Shot Misses the Net.
6:09 of 2nd period - Snap shot by Mike Zigomanis.
6:09 of 2nd period - Shot Blocked by Brett Festerling.
6:25 of 2nd period - Slapshot by Brett Festerling.
6:25 of 2nd period - Stopped by John Gibson without a rebound.
6:26 of 2nd period - Brock Nelson wins face-off versus Melker Karlsson in Rafales zone.
6:26 of 2nd period - Brock Nelson is hit by Melker Karlsson.
7:04 of 2nd period - Pierre-Alexandre Parenteau is hit by Carl Klingberg and loses puck.
7:17 of 2nd period - Dougie Hamilton is hit by Cedric Paquette and loses puck.
7:28 of 2nd period - Snap shot by Michael Bournival.
7:28 of 2nd period - Deflect By James Marcou.
7:28 of 2nd period - Stopped by Devan Dubnyk with a rebound.
7:38 of 2nd period - Brian Ferlin is hit by Mike Hoffman and loses puck.
10:05 of 2nd period - Ludwig Bystrom is hit by Connor Murphy and loses puck.
10:12 of 2nd period - James Marcou is hit by Mark Stone and loses puck.
10:19 of 2nd period - Slapshot by Evgeny Kuznetsov.
10:19 of 2nd period - Stopped by John Gibson without a rebound.
10:20 of 2nd period - Melker Karlsson wins face-off versus Mike Zigomanis in Rafales zone.
10:21 of 2nd period - Snap shot by Adam Hall.
10:21 of 2nd period - Shot Misses the Net.
10:23 of 2nd period - Snap shot by Adam Hall.
10:23 of 2nd period - Shot Misses the Net.
10:25 of 2nd period - Wrist shot by Melker Karlsson.
10:25 of 2nd period - Stopped by John Gibson without a rebound.
10:26 of 2nd period - Mike Zigomanis wins face-off versus Melker Karlsson in Rafales zone.
10:41 of 2nd period - Wrist shot by Melker Karlsson.
10:41 of 2nd period - Deflect By Adam Hall.
10:41 of 2nd period - Shot Misses the Net.
10:41 of 2nd period - Puck is out of play.
10:42 of 2nd period - Jarret Stoll wins face-off versus Daultan Leveillé in Rafales zone.
10:51 of 2nd period - Snap shot by Pierre-Alexandre Parenteau.
10:51 of 2nd period - Shot Misses the Net.
10:53 of 2nd period - Snap shot by Daultan Leveillé.
10:53 of 2nd period - Goal by Daultan Leveillé - Thunder : 4 - Rafales : 2.
10:54 of 2nd period - Mike Zigomanis wins face-off versus Melker Karlsson in neutral zone.
11:09 of 2nd period - Wrist shot by Mike Zigomanis.
11:09 of 2nd period - Shot Misses the Net.
11:12 of 2nd period - Icing by David Fischer.
11:13 of 2nd period - Melker Karlsson wins face-off versus Jarret Stoll in Thunder zone.
11:26 of 2nd period - Slapshot by Brock Nelson.
11:26 of 2nd period - Shot Blocked by David Fischer.
11:40 of 2nd period - Marc-André Gragnani is hit by Pierre-Alexandre Parenteau and loses puck.
11:45 of 2nd period - Snap shot by Pierre-Alexandre Parenteau.
11:45 of 2nd period - Stopped by John Gibson with a rebound.
11:47 of 2nd period - Snap shot by Pierre-Alexandre Parenteau.
11:47 of 2nd period - Shot Blocked by Mike Zigomanis.
12:01 of 2nd period - Wrist shot by Cody McLeod.
12:01 of 2nd period - Deflect By Nathan Davis.
12:01 of 2nd period - Shot Blocked by Joey Ryan.
12:01 of 2nd period - Puck is out of play.
12:02 of 2nd period - Evgeny Kuznetsov wins face-off versus Nathan Davis in Thunder zone.
12:58 of 2nd period - Slapshot by Michael Bournival.
12:58 of 2nd period - Shot Misses the Net.
13:00 of 2nd period - Slapshot by Connor Murphy.
13:00 of 2nd period - Stopped by Devan Dubnyk with a rebound.
13:02 of 2nd period - Wrist shot by Connor Murphy.
13:02 of 2nd period - Deflect By Daultan Leveillé.
13:02 of 2nd period - Stopped by Devan Dubnyk with a rebound.
13:13 of 2nd period - Off-side.
13:14 of 2nd period - Joe Labate wins face-off versus Mike Zigomanis in neutral zone.
13:19 of 2nd period - Snap shot by Roman Josi.
13:19 of 2nd period - Shot Misses the Net.
13:21 of 2nd period - Wrist shot by Robin Leblanc.
13:21 of 2nd period - Stopped by John Gibson with a rebound.
13:23 of 2nd period - Slapshot by Roman Josi.
13:23 of 2nd period - Stopped by John Gibson with a rebound.
13:25 of 2nd period - Slapshot by David Fischer.
13:25 of 2nd period - Deflect By Joe Labate.
13:25 of 2nd period - Shot Blocked by Akim Aliu.
13:25 of 2nd period - Puck is out of play.
13:26 of 2nd period - Mike Zigomanis wins face-off versus Melker Karlsson in Rafales zone.
13:26 of 2nd period - Mike Zigomanis is hit by Adam Hall.
13:52 of 2nd period - Pierre-Alexandre Parenteau is hit by Brian Ferlin.
14:04 of 2nd period - Snap shot by Marc-André Gragnani.
14:04 of 2nd period - Shot Misses the Net.
14:20 of 2nd period - Evgeny Kuznetsov is hit by Nathan Davis and loses puck.
14:29 of 2nd period - Matt Gilroy is hit by David Wolf and loses puck.
14:42 of 2nd period - Snap shot by James Marcou.
14:42 of 2nd period - Shot Blocked by Joey Ryan.
15:22 of 2nd period - Joey Ryan is hit by Slater Koekkoek and loses puck.
15:43 of 2nd period - Snap shot by Michael Bournival.
15:43 of 2nd period - Deflect By Cedric Paquette.
15:43 of 2nd period - Stopped by Devan Dubnyk with a rebound.
15:45 of 2nd period - Slapshot by Julian Melchiori.
15:45 of 2nd period - Stopped by Devan Dubnyk without a rebound.
15:46 of 2nd period - Evgeny Kuznetsov wins face-off versus Cedric Paquette in Thunder zone.
16:01 of 2nd period - Slapshot by Mark Stone.
16:01 of 2nd period - Deflect By David Wolf.
16:01 of 2nd period - Stopped by John Gibson with a rebound.
16:11 of 2nd period - Mike Hoffman is hit by Akim Aliu and loses puck.
16:20 of 2nd period - Wrist shot by Cody McLeod.
16:20 of 2nd period - Shot Misses the Net.
16:22 of 2nd period - Snap shot by Marc-André Gragnani.
16:22 of 2nd period - Shot Blocked by David Fischer.
16:24 of 2nd period - Slapshot by Marc-André Gragnani.
16:24 of 2nd period - Shot Blocked by Melker Karlsson.
16:38 of 2nd period - Slapshot by Dany Roussin.
16:38 of 2nd period - Stopped by John Gibson with a rebound.
16:40 of 2nd period - Snap shot by Pierre-Alexandre Parenteau.
16:40 of 2nd period - Shot Misses the Net.
16:42 of 2nd period - Snap shot by Daultan Leveillé.
16:42 of 2nd period - Shot Misses the Net.
17:01 of 2nd period - Snap shot by Nathan Davis.
17:01 of 2nd period - Stopped by Devan Dubnyk without a rebound.
17:02 of 2nd period - Mike Hoffman wins face-off versus Mike Zigomanis in Thunder zone.
18:00 of 2nd period - Wrist shot by Mark Stone.
18:00 of 2nd period - Shot Misses the Net.
18:02 of 2nd period - Slapshot by Joey Ryan.
18:02 of 2nd period - Stopped by John Gibson without a rebound.
18:03 of 2nd period - Melker Karlsson wins face-off versus Mike Zigomanis in Rafales zone.
19:09 of 2nd period - Dalton Smith is hit by Marc-André Gragnani and loses puck.
19:36 of 2nd period - Snap shot by Jarret Stoll.
19:36 of 2nd period - Shot Misses the Net.
19:48 of 2nd period - Wrist shot by Dalton Smith.
19:48 of 2nd period - Stopped by John Gibson with a rebound.
19:50 of 2nd period - Snap shot by Robin Leblanc.
19:50 of 2nd period - Stopped by John Gibson without a rebound.
19:51 of 2nd period - Mike Zigomanis wins face-off versus Melker Karlsson in Rafales zone.
Goals for this period are 2 for Thunder vs 0 for Rafales.
Shots for this period are 17 for Thunder vs 8 for Rafales.
3rd period
0:01 of 3rd period - Melker Karlsson wins face-off versus Mike Zigomanis in neutral zone.
0:25 of 3rd period - Connor Murphy is hit by Dany Roussin and loses puck.
2:14 of 3rd period - Wrist shot by Nathan Davis.
2:14 of 3rd period - Stopped by Devan Dubnyk with a rebound.
2:16 of 3rd period - Snap shot by Nathan Davis.
2:16 of 3rd period - Shot Blocked by Dalton Smith.
2:18 of 3rd period - Snap shot by Marc-André Gragnani.
2:18 of 3rd period - Deflect By Dougie Hamilton.
2:18 of 3rd period - Stopped by Devan Dubnyk without a rebound.
2:19 of 3rd period - Mike Zigomanis wins face-off versus Melker Karlsson in Thunder zone.
2:22 of 3rd period - Wrist shot by Mike Zigomanis.
2:22 of 3rd period - Shot Misses the Net.
2:40 of 3rd period - Minor Penalty to Akim Aliu for Interference.
2:41 of 3rd period - Jarret Stoll wins face-off versus Melker Karlsson in Rafales zone.
2:58 of 3rd period - David Fischer is hit by Marc-André Gragnani and loses puck.
3:25 of 3rd period - Michael Bournival is hit by Dany Roussin and loses puck.
4:34 of 3rd period - Marc-André Gragnani is hit by Mark Stone and loses puck.
4:40 of 3rd period - Penalty to Akim Aliu is over, Akim Aliu is back on ice.
4:46 of 3rd period - Off-side.
4:47 of 3rd period - Joe Labate wins face-off versus Nathan Davis in neutral zone.
4:57 of 3rd period - Snap shot by Nathan Davis.
4:57 of 3rd period - Stopped by Devan Dubnyk without a rebound.
4:58 of 3rd period - Nathan Davis wins face-off versus Melker Karlsson in Thunder zone.
5:09 of 3rd period - Wrist shot by Mike Hoffman.
5:09 of 3rd period - Goal by Mike Hoffman - Thunder : 5 - Rafales : 2.
5:10 of 3rd period - Melker Karlsson wins face-off versus Mike Zigomanis in neutral zone.
5:29 of 3rd period - Minor Penalty to Akim Aliu for Unsportsmanlike conduct.
5:30 of 3rd period - Melker Karlsson wins face-off versus Mike Zigomanis in Rafales zone.
6:34 of 3rd period - Michael Bournival is hit by Mike Hoffman and loses puck.
7:29 of 3rd period - Penalty to Akim Aliu is over, Akim Aliu is back on ice.
7:51 of 3rd period - Minor Penalty to Joey Ryan for Tripping.
7:52 of 3rd period - Mike Zigomanis wins face-off versus Mike Hoffman in Thunder zone.
9:33 of 3rd period - Brett Festerling is hit by Brock Nelson and loses puck.
9:51 of 3rd period - Penalty to Joey Ryan is over, Joey Ryan is back on ice.
9:59 of 3rd period - Mark Stone is hit by Cedric Paquette.
10:02 of 3rd period - Icing by Joey Ryan.
10:03 of 3rd period - Cedric Paquette wins face-off versus Mark Stone in Thunder zone.
10:38 of 3rd period - Slapshot by Brett Festerling.
10:38 of 3rd period - Stopped by John Gibson without a rebound.
10:39 of 3rd period - Nathan Davis wins face-off versus Melker Karlsson in Rafales zone.
12:04 of 3rd period - Evgeny Kuznetsov is hit by Cedric Paquette and loses puck.
12:10 of 3rd period - Minor Penalty to David Wolf for Tripping.
12:11 of 3rd period - Mike Zigomanis wins face-off versus Mike Hoffman in Thunder zone.
14:10 of 3rd period - Penalty to David Wolf is over, David Wolf is back on ice.
14:30 of 3rd period - Snap shot by Pierre-Alexandre Parenteau.
14:30 of 3rd period - Shot Blocked by Connor Murphy.
14:32 of 3rd period - Snap shot by Dany Roussin.
14:32 of 3rd period - Goal by Dany Roussin - Thunder : 6 - Rafales : 2.
14:33 of 3rd period - Melker Karlsson wins face-off versus Jarret Stoll in neutral zone.
15:42 of 3rd period - Slapshot by Dougie Hamilton.
15:42 of 3rd period - Goal by Dougie Hamilton - Thunder : 7 - Rafales : 2.
15:43 of 3rd period - Adam Hall wins face-off versus Mike Zigomanis in neutral zone.
15:52 of 3rd period - Wrist shot by Cody McLeod.
15:52 of 3rd period - Shot Misses the Net.
16:10 of 3rd period - Brian Ferlin is hit by Dany Roussin and loses puck.
16:17 of 3rd period - Wrist shot by Pierre-Alexandre Parenteau.
16:17 of 3rd period - Shot Misses the Net.
16:19 of 3rd period - Wrist shot by Pierre-Alexandre Parenteau.
16:19 of 3rd period - Deflect By Dany Roussin.
16:19 of 3rd period - Stopped by John Gibson with a rebound.
16:21 of 3rd period - Slapshot by Joey Ryan.
16:21 of 3rd period - Stopped by John Gibson with a rebound.
16:31 of 3rd period - Snap shot by Carl Klingberg.
16:31 of 3rd period - Shot Misses the Net.
18:10 of 3rd period - Icing by Mark Stone.
18:11 of 3rd period - Evgeny Kuznetsov wins face-off versus Cody McLeod in Thunder zone.
18:37 of 3rd period - Minor Penalty to Dany Roussin for Hooking.
18:38 of 3rd period - Mike Hoffman wins face-off versus Mike Zigomanis in Thunder zone.
19:13 of 3rd period - Wrist shot by Jarret Stoll.
19:13 of 3rd period - Goal by Jarret Stoll - Thunder : 7 - Rafales : 3.
19:14 of 3rd period - Mike Zigomanis wins face-off versus Melker Karlsson in neutral zone.
19:23 of 3rd period - Snap shot by Mike Zigomanis.
19:23 of 3rd period - Shot Blocked by Roman Josi.
19:25 of 3rd period - Slapshot by Connor Murphy.
19:25 of 3rd period - Stopped by Devan Dubnyk without a rebound.
19:26 of 3rd period - Melker Karlsson wins face-off versus Mike Zigomanis in Thunder zone.
19:33 of 3rd period - Mike Zigomanis is hit by David Fischer and loses puck.
19:57 of 3rd period - Julian Melchiori is hit by David Fischer and loses puck.
Goals for this period are 3 for Thunder vs 1 for Rafales.
Shots for this period are 6 for Thunder vs 5 for Rafales.
Back to the Top